 Dungeon Crawl Stone Soup version 0.31-a0-981-geadf994542 (webtiles) character file.

Game seed: 12862631807057098532

25 Dirtsage the Changeling (level 3, -2/23 HPs)
             Began as an Octopode Shapeshifter on Oct 31, 2023.
             Slain by Terence
             ... wielding a +0 flail
              (10 damage)
             ... on level 2 of the Dungeon.
             The game lasted 00:02:54 (792 turns).

Dirtsage the Changeling (Octopode Shapeshifter)      Turns: 792, Time: 00:02:54

Health: -2/23      AC:  1    Str: 13    XL:     3   Next: 6%
Magic:  3/3        EV: 13    Int: 12    God:
Gold:   81         SH:  0    Dex: 13    Spells: 2/2 levels left

rFire   . .          .
                       - Unarmed
rCold   . . .        (no shield)
rNeg    . . .        (helmet currently unavailable)
rPois   .            (no amulet)
rElec   .            (no ring)
rCorr   .            (no ring)
SInv    .            (no ring)
Will    .....        (no ring)
Stlth   ++           (no ring)
HPRegen 0.23/turn    (no ring)
MPRegen 0.08/turn    (no ring)
                     (no ring)

%: no passive effects
@: beast-form
A: beast (slay +1), almost no armour, amphibious, 8 rings, camouflage 1,
gelatinous body 1, (nimble swimmer 1), tentacles
a: Begin Untransformation


You were on level 2 of the Dungeon.
You were a hulking beast.
You visited 1 branch of the dungeon, and saw 2 of its levels.

You collected 81 gold pieces.

Inventory:

Talismans
 b - a beast talisman
 c - a flux talisman
 i - a dragon-blood talisman
Scrolls
 d - a scroll of acquirement {unknown}
 e - a scroll of enchant armour {unknown}
 j - a scroll of teleportation {unknown}
 l - a scroll of immolation {unknown}
Potions
 a - 2 potions of lignification
 f - 2 potions of might {unknown}
 g - a potion of degeneration {unknown}
 h - a potion of curing {unknown}
 k - a potion of cancellation {unknown}


   Skills:
 + Level 1.5 Fighting
 - Level 2.0 Dodging
 + Level 3.4 Unarmed Combat
 * Level 3.4 Shapeshifting


You had 2 spell levels left.
You didn't know any spells.
Your spell library contained the following spells:

 Spells                   Type           Power      Damage    Failure   Level
 Blink                    Tloc           0%         N/A       45%         2
 Manifold Assault         Tloc           0%         N/A       97%         4


Dungeon Overview and Level Annotations

Branches:
Dungeon (2/15)

Altars:

Shops:
D:1 *

Annotations:
D:2 Robin, Terence


Innate Abilities, Weirdness & Mutations

You are a hulking beast.
Your limbs bulge with bestial killing power. (Slay +1)
You cannot wear most types of armour.
You are amphibious.
You can wear up to eight rings at the same time.
Your skin changes colour to match your surroundings (Stealth+).
Your rubbery body absorbs attacks. (AC +1, EV +1)
((You are camouflaged when in or above water. (Stealth+)))
You have tentacles for arms and can constrict up to eight enemies at once.


Message History

Done exploring.
Health restored: 23
Things that are here:
a +0 dagger; a goblin corpse You see here a +0 short sword.
There is a stone staircase leading down here.
You climb downwards.
Level annotation: Robin, Terence Terence shouts!
There is a stone staircase leading up here.
You have nothing you can fire or use right now.
You have nothing you can fire or use right now.
Unknown command.
Okay, then.
You tentacle-slap Terence. You grab Terence. You squeeze Terence.
Terence is moderately wounded.
You constrict Terence, but do no damage.
Terence hits you with a +0 flail!
You take 10 damage, and have 13/23 hp.
MASSIVE DAMAGE!!
You tentacle-slap Terence but do no damage.
Terence is moderately wounded.
You constrict Terence, but do no damage.
Terence closely misses you.
You tentacle-slap Terence but do no damage.
You squeeze Terence.
Terence is heavily wounded.
You constrict Terence. Terence hits you with a +0 flail.
You take 6 damage, and have 7/23 hp.
MASSIVE DAMAGE!!
You tentacle-slap Terence but do no damage.
Terence is heavily wounded.
You constrict Terence. Terence closely misses you.
You tentacle-slap Terence.
Terence is severely wounded.
You constrict Terence.
Terence screams, "I'm going to kill you!"
Terence barely misses you.
You tentacle-slap Terence but do no damage.
Terence is severely wounded.
You constrict Terence. Terence hits you with a +0 flail!
You die...

#.# #.###
###
#....#...
#.......#
#..#.#..#
#..<....#
#.......#
#h@.#
#.<.....#
#.....###
#..>.....
#.######.
#.# #.#
#..


You could see Terence.

Vanquished Creatures
  A bat (D:1)
  3 endoplasms (D:1)
  A giant cockroach (D:1)
  9 goblins
  A hobgoblin (D:1)
  2 ball pythons (D:1)
  A frilled lizard (D:1)
  A kobold (D:1)
  3 rats (D:1)
22 creatures vanquished.

Notes
Turn   | Place    | Note
-------+----------+-------------------------------------------
     0 | D:1      | Dirtsage the Octopode Shapeshifter began the quest for the
                  | Orb.
     0 | D:1      | Reached XP level 1. HP: 13/13 MP: 1/1
    62 | D:1      | Found Ofoice's General Store.
   181 | D:1      | Reached XP level 2. HP: 18/18 MP: 2/2
   417 | D:1      | Found a faded altar of an unknown god.
   417 | D:1      | Noticed a Hell Sentinel
   598 | D:2      | Noticed Robin
   631 | D:2      | Noticed Terence
   673 | D:1      | Reached XP level 3. HP: 2/23 MP: 3/3
   792 | D:2      | Slain by Terence

Illustrated notes

Levels and vault maps discovered:
D:1:      wander_arrival_fairy_ring, layout_loops_cross,
          dreamdust_ecumenical_altar_sealed_demon, serial_shops, shop
D:2:      minmay_door_path, layout_basic, serial_shops,
          nicolae_shop_tiny_statue_garden, minmay_ruptured, uniq_sigmund,
          uniq_robin, uniq_terence

Action                     || total
---------------------------++-------
  Melee: Unarmed           ||    40
         Constrict         ||     4
         Tentacles         ||     4
         Punch             ||     1
   Stab: Sleeping          ||     3
 Armour: Skin              ||    18
  Dodge: Dodged            ||    22

Table legend: (Time is in decaauts)
 A = Elapsed time spent in this place.
 B = Non-inter-level travel time spent in this place.
 C = Inter-level travel time spent in this place.
 D = Time resting spent in this place.
 E = Time spent auto-exploring this place.
 F = Levels seen in this place.
 G = Mean time per level.
                   A        B        C        D        E       F      G
               +--------+--------+--------+--------+--------+-----+--------+
         Total |    791 |    696 |     95 |      0 |    560 |   2 |  395.5 |
       Dungeon |    791 |    696 |     95 |      0 |    560 |   2 |  395.5 |
               +--------+--------+--------+--------+--------+-----+--------+

Top non-repeatable levels by time:
     D:1: 765 daAuts
     D:2: 26 daAuts
